Map: Prion Terraces

Players

Fullmetal - Winner!

  • Race: Terran Terran
  • League: Master

llllllllllll

  • Race: Zerg Zerg
  • League: Master

VOD

Have the link to the VOD?

Description

Time

  • Played on: Nov. 17, 2015, 12:40 a.m.
  • Length: 10:40
Show
View Real Time Build Order
Export as new Build Order

Fullmetal Terran - Winner!

Build Orders: Liberator Opening, Reaper Expand, MMM Bio 

Get SALT Encoding   

  12  0:01  SCV  
  13  0:13  SCV  
  14  0:18  Supply Depot  
  14  0:25  SCV  
  15  0:39  SCV  
  15  0:41  Barracks  
  16  0:44  Refinery  
  16  0:51  SCV  
  17  1:04  SCV  
  18  1:16  SCV  
  19  1:28  Orbital Command  
  19  1:29  Reaper  
  20  1:42  Command Center  
  20  1:52  Supply Depot  
  20  1:54  SCV  
  20  2:00  Refinery  
  21  2:02  Barracks Reactor  
  21  2:06  SCV  
  22  2:18  SCV  
  23  2:24  Factory  
  23  2:30  SCV  
  23  2:45  Marine x2  
  23  2:47  SCV  
  26  2:55  Orbital Command  
  26  3:06  SCV  
  27  3:14  Starport  
  27  3:15  Barracks Reactor  
  27  3:18  Hellion  
  27  3:19  SCV, Hellion  
  32  3:22  SCV  
  32  3:24  Supply Depot  
  33  3:31  SCV  
  35  3:34  SCV  
  35  3:39  Liberator  
  35  3:40  Hellion, Refinery, Liberator  
  37  3:43  SCV  
  37  3:44  Hellion  
  37  3:46  SCV  
  41  3:56  SCV  
  41  3:58  SCV  
  41  4:01  Barracks Tech Lab  
  49  4:07  Supply Depot  
  49  4:09  SCV  
  50  4:10  SCV  
  50  4:16  Hellion  
  53  4:22  Liberator  
  53  4:23  SCV  
  54  4:24  Supply Depot  
  54  4:28  Stimpack  
  54  4:29  SCV, Marine  
  58  4:37  SCV  
  58  4:38  Liberator  
  60  4:48  Supply Depot  
  60  4:52  SCV x2  
  62  4:54  Factory Reactor  
  62  4:56  Barracks  
  62  4:57  Marine  
  66  5:01  Barracks  
  66  5:05  SCV  
  67  5:08  Liberator  
  67  5:11  SCV  
  68  5:14  Command Center  
  68  5:15  Marine  
  69  5:24  SCV  
  73  5:29  SCV  
  73  5:31  Supply Depot  
  73  5:32  Refinery  
  73  5:33  Marauder  
  76  5:36  SCV, Liberator  
  77  5:43  Marine  
  77  5:44  Supply Depot, Factory Tech Lab  
  78  5:53  Marine  
  78  5:54  SCV  
  78  5:55  SCV  
  78  5:57  Marauder  
  86  6:06  Siege Tank, Marine x2  
  86  6:07  Barracks  
  86  6:08  Supply Depot  
  86  6:09  Barracks  
  91  6:12  Marine x2  
  91  6:16  Supply Depot  
  91  6:17  SCV  
  94  6:25  Marine x2  
  89  6:27  SCV, Orbital Command  
  84  6:34  Marine x2  
  84  6:38  Siege Tank  
  89  6:40  Marine  
  89  6:43  Combat Shields, Medivac x2  
  89  6:46  Marine  
  95  6:53  Engineering Bay  
  95  6:54  Orbital Command  
  95  6:56  Engineering Bay  
  95  6:59  Barracks Reactor  
  95  7:00  Barracks Reactor  
  95  7:03  Liberator x2  
  95  7:04  Marine x3  
  98  7:08  SCV x2  
  100  7:18  Marine x2  
  100  7:22  SCV x2  
  110  7:23  Marine x3  
  107  7:30  Siege Tank  
  107  7:31  SCV  
  107  7:36  Marine x2  
  107  7:37  Refinery  
  107  7:39  Terran Infantry Weapons Level 1, SCV  
  107  7:41  Marine x2  
  107  7:43  Supply Depot  
  110  7:45  Terran Infantry Armor Level 1  
  110  7:46  Marine x2  
  110  7:47  Marine  
  113  7:59  Marine  
  113  8:02  Marine x2  
  113  8:05  Siege Tank, Medivac  
  121  8:07  SCV  
  121  8:08  Barracks  
  121  8:09  Marine x2  
  121  8:10  Barracks  
  121  8:11  Marine x2  
  126  8:13  Marine  
  126  8:14  Marine  
  128  8:21  Marine x2  
  128  8:27  Command Center  
  130  8:29  Marine x2  
  132  8:35  Marine x2  
  132  8:40  Supply Depot  
  132  8:41  Medivac  
  132  8:42  Marine x2, Medivac  
  132  8:45  Supply Depot, Marine x2  
  134  8:52  Supply Depot  
  134  8:53  SCV  
  126  8:55  Marine  
  126  8:56  Marine  
  126  8:58  Armory  
  126  9:01  Marine  
  126  9:02  Marine  
  130  9:05  Marine x2  
  130  9:06  Marine x2  
  130  9:07  Barracks Reactor  
  130  9:08  Liberator  
  133  9:11  Siege Tank  
  133  9:13  Marine  
  133  9:14  Marine  
  133  9:15  Barracks Reactor  
  137  9:20  Factory  
  137  9:23  Marine x2  
  134  9:27  Marine x3  
  134  9:28  Marine  
  134  9:31  Marine x2  
  141  9:37  Marine  
  135  9:43  Siege Tank  
  135  9:44  Marine x4  
  135  9:45  Marine  
  135  9:48  Marine  
  136  9:53  Marine x2  
  138  10:03  Supply Depot, Marine x2  
  138  10:06  Marine  
  141  10:07  Marine  
  141  10:08  Marine  
  141  10:09  Supply Depot  
  141  10:10  Marine  
  141  10:11  Marine  
  137  10:15  Marine x2  
  137  10:18  Marine x2  
  137  10:20  Marine  
Show
View Real Time Build Order
Export as new Build Order

llllllllllll Zerg 

Build Orders: Hatch First 

Get SALT Encoding   

  12  0:01  Drone  
  13  0:10  Drone  
  14  0:17  Overlord  
  14  0:25  Drone, Extractor  
  15  0:36  Drone x2  
  17  0:52  Hatchery  
  16  0:58  Drone  
  17  1:09  Spawning Pool  
  16  1:12  Drone  
  17  1:19  Extractor  
  17  1:20  Drone  
  17  1:29  Drone x2  
  19  1:39  Overlord  
  19  1:50  Drone  
  20  2:01  Queen  
  20  2:02  Zergling x2  
  20  2:04  Queen  
  25  2:11  Zergling x2  
  26  2:15  Drone  
  26  2:16  Drone  
  26  2:21  Drone  
  29  2:24  Metabolic Boost  
  28  2:46  Queen x2  
  32  2:51  Overlord  
  32  2:53  Drone x3  
  35  3:09  Hatchery  
  34  3:14  Drone x4  
  38  3:21  Overlord  
  38  3:26  Queen  
  40  3:29  Drone x2  
  42  3:36  Lair  
  42  3:40  Drone x2  
  44  3:42  Drone  
  45  3:51  Zergling x2  
  45  3:52  Drone x4  
  45  3:53  Drone  
  51  4:05  Extractor  
  51  4:06  Extractor  
  49  4:16  Drone x2  
  52  4:17  Drone  
  52  4:18  Overlord x2  
  52  4:22  Drone x2  
  55  4:24  Drone  
  55  4:26  Drone x3  
  58  4:37  Drone  
  59  4:45  Overlord  
  59  4:46  Extractor  
  59  4:47  Hatchery  
  59  4:49  Drone  
  59  4:50  Drone x4  
  59  4:51  Queen  
  64  4:58  Baneling Nest  
  63  5:02  Evolution Chamber  
  63  5:04  Evolution Chamber  
  56  5:26  Queen x2  
  55  5:33  Spire  
  55  5:34  Queen  
  56  5:36  Zerg Ground Armor Level 1  
  56  5:37  Zerg Melee Weapons Level 1  
  56  5:38  Zergling x4  
  58  5:44  Zergling x6  
  61  5:53  Drone x2  
  63  5:57  Extractor  
  63  5:58  Drone x2, Extractor  
  63  6:00  Drone x2  
  63  6:01  Drone  
  63  6:02  Drone  
  67  6:06  Drone x5  
  64  6:18  Drone x3  
  64  6:19  Drone  
  64  6:20  Drone x4  
  64  6:26  Drone  
  64  6:27  Drone x2  
  64  6:30  Drone  
  67  6:32  Drone x2  
  61  6:47  Corruptor x2  
  63  7:00  Corruptor x2  
  67  7:07  Corruptor  
  60  7:36  Drone x5  
  64  7:40  Drone  
  64  7:41  Drone x2  
  67  7:45  Drone x2  
  67  7:47  Drone  
  70  7:58  Zergling x8  
  73  8:01  Baneling  
  73  8:02  Baneling  
  71  8:13  Baneling  
  71  8:14  Baneling x3  
  71  8:16  Zergling x6  
  71  8:39  Baneling x7  
  70  8:47  Zergling x12  
  73  9:01  Overlord x4, Baneling Nest  
  72  9:12  Zergling x4  
  74  9:22  Zergling x16  
  74  9:23  Zergling x6  
  65  9:47  Mutalisk x3  
  65  9:48  Mutalisk  
  65  9:50  Zergling x18  
  65  9:51  Baneling  
  65  9:52  Baneling x5  
  82  10:01  Zergling x8  
  76  10:19  Baneling x14  
  76  10:20  Zergling x6  
Tags
 
Add a new tag
Caveats
  • Supply blocks, unpowered buildings, or Contaminate may cause inaccurate times.
  • Supply counts are checked every 10 seconds.